[Event "Team 45 45 League T38"]
[Site "Internet Chess Club"]
[Date "2008.08.25"]
[Round "5"]
[White "CoasterBrake"]
[Black "joaoazm"]
[Result "1/2-1/2"]
[WhiteElo "1216"]
[BlackElo "1195"]
[Opening "English: symmetrical variation"]
[ECO "A34"]
[Time "20:03:38"]
[TimeControl "2700+45"]

1. c4 c5 2. Nc3 e6 3. Nf3 Nc6 4. g3 h6 5. Bg2 Nge7 6. O-O d5 7. cxd5 Nxd5 8. d4
Nxc3 9. bxc3 cxd4 10. cxd4 Bd6 11. Bb2 O-O 12. Qc2 Ne7 13. Rac1 Bd7 14. Ne5 Bxe5
15. dxe5 Nd5 16. Ba3 Re8 17. Bd6 Rc8 18. Qb2 Rxc1 19. Rxc1 Bc6 20. Qd4 a6 21. e4
Nb6 22. Qe3 Nc8 23. Bc5 b6 24. Bb4 a5 25. Bd2 Ne7 26. Bf1 Qc7 27. Qf4 Ng6 28.
Qe3 Nxe5 29. Bb5 Qd6 30. Bxc6 Nxc6 31. Qxb6 Qxd2 32. Qxc6 Rd8 33. a4 Qd6 34. Qc5
Qxc5 35. Rxc5 Rd4 36. Rxa5 Rxe4 37. Kf1 Kf8 38. f3 Rb4 39. h4 e5 40. g4 e4 41.
Re5 exf3 42. Kf2 Rxa4 43. Kxf3 f6 44. Re4 Rxe4 45. Kxe4 Ke7 46. Kf5 Kf7 47. g5
hxg5 48. hxg5 fxg5 49. Kxg5 g6 50. Kg4 Kg7 51. Kg5 Kf7 52. Kg4 Kf6 53. Kf4 g5+
54. Kg4 Kg6 55. Kg3 Kf5 56. Kf3 g4+ 57. Kg3 Kg5 58. Kg2 Kh4 59. Kh2 g3+ 60. Kg2
Kg4 61. Kg1 Kf3 62. Kf1 g2+ 63. Kg1 Kg3 {White stalemated} 1/2-1/2

[Event "Team 45 45 League T38"]
[Site "Internet Chess Club"]
[Date "2008.08.23"]
[Round "5"]
[White "MeansToAnEnd"]
[Black "dornoch"]
[Result "0-1"]
[WhiteElo "1101"]
[BlackElo "1042"]
[Opening "Caro-Kann: classical variation"]
[ECO "B18"]
[Time "22:02:13"]
[TimeControl "2700+45"]

1. e4 c6 2. d4 d5 3. Nc3 dxe4 4. Nxe4 Bf5 5. Ng3 g6 6. Nxf5 gxf5 7. Bd3 e6 8.
Nf3 Nd7 9. O-O Qc7 10. Bd2 O-O-O 11. b4 Bd6 12. a4 Ngf6 13. h3 Ne4 14. a5 Nxd2
15. Qxd2 Bf4 16. Qc3 Rhg8 17. b5 Rg7 18. Rfb1 Rdg8 19. Bf1 e5 20. bxc6 bxc6 21.
Qb3 e4 22. a6 exf3 23. Qb7+ Kd8 24. Qxc7+ Bxc7 25. g3 f4 26. g4 h5 27. Rb7 hxg4
28. h4 g3 29. Rxa7 gxf2+ 30. Kxf2 Bb6 31. Rb7 Bxd4+ 32. Kxf3 Bxa1 33. a7 Rg3+
34. Kxf4 Ra3 35. Rb8+ Ke7 36. Rxg8 Rxa7 37. h5 Nf6 38. Rh8 Nd5+ 39. Kg5 Bxh8 40.
Kh6 Nf6 41. c4 Kf8 42. Bg2 Ra6 43. c5 Bg7+ 44. Kg5 Ng8 45. Bf1 Ra5 46. Kf5 Rxc5+
47. Ke4 Rxh5 48. Be2 Re5+ 49. Kd3 Rd5+ 50. Ke4 Rd7 51. Bg4 Rc7 52. Bf5 c5 53.
Kd5 Ne7+ 54. Kd6 Nxf5+ 55. Kd5 Ne7+ 56. Kc4 f5 57. Kd3 f4 58. Ke2 c4 59. Kf3 Bh6
60. Kg4 c3 61. Kh5 c2 62. Kxh6 c1=R 63. Kg5 Nc8 64. Kxf4 Ra1 65. Kg5 Ra6 66. Kf5
Rc5+ 67. Ke4 Rh5 68. Kf4 Ra4+ 69. Kg3 Rb5 70. Kf3 Rb3+ 71. Ke2 Ra2+ 72. Kd1 Rb1#
{White checkmated} 0-1

[Event "Team 45 45 League T38"]
[Site "Internet Chess Club"]
[Date "2008.08.22"]
[Round "5"]
[White "Just-Jim"]
[Black "Visin"]
[Result "1-0"]
[WhiteElo "1391"]
[BlackElo "1309"]
[Opening "Pirc defense"]
[ECO "B07"]
[Time "13:47:47"]
[TimeControl "2700+45"]

1. e4 d6 2. d4 Nf6 3. Nc3 e5 4. dxe5 dxe5 5. Qxd8+ Kxd8 6. Bg5 Be7 7. Bc4 Ke8 8.
O-O-O h6 9. Bxf6 Bxf6 10. Nd5 Bd8 11. h3 c6 12. Nc3 Bg5+ 13. Kb1 f5 14. exf5
Bxf5 15. Nf3 Bf6 16. Rhe1 Nd7 17. Nd4 g6 18. Nxf5 gxf5 19. Be6 Nb6 20. Bxf5 Kf7
21. Ne4 Nd5 22. Nd6+ Ke7 23. Nxb7 Rab8 24. Na5 Nc3+ 25. Kc1 Nxa2+ 26. Kd2 Bg5+
27. Ke2 Rxb2 28. Rd7+ Kf6 29. Be4 Nc3+ 30. Kd3 Na4 31. Rd6+ Ke7 32. Rxc6 Rd8+
33. Ke2 Rd2+ 34. Kf1 Rd7 35. Bf5 Rd5 36. Nc4 Rbb5 37. Re6+ Kd8 38. Nxe5 Bd2 39.
Nf7+ Kc7 40. Re7+ Kb6 41. R1e6+ Kc5 42. Rc7+ Kb4 43. Bd3 Rb6 44. Re4+ Ka3 45.
Rxa7 Ra5 46. Rxa5 Bxa5 47. g3 Rb1+ 48. Kg2 Nc3 49. Re8 Rb6 50. Ra8 Kb4 51. Ne5
Re6 52. Nc4 Bc7 53. Ra7 Nd5 54. Rb7+ Kc5 55. Na3 Kc6 56. Rb3 Re7 57. Bb5+ Kc5
58. Rd3 Nb4 59. Rf3 Nxc2 60. Nxc2 Kxb5 61. h4 Kc5 62. Ne3 Ba5 63. Rf5+ Kb6 64.
Nd5+ {Black resigns} 1-0

[Event "Team 45 45 League T38"]
[Site "Internet Chess Club"]
[Date "2008.08.24"]
[Round "5"]
[White "Daidalos"]
[Black "chips"]
[Result "0-1"]
[WhiteElo "983"]
[BlackElo "1148"]
[Opening "Réti opening"]
[ECO "A04"]
[Time "06:09:20"]
[TimeControl "2700+45"]

1. Nf3 b6 2. c4 Bb7 3. d4 e6 4. Bd2 Nf6 5. Nc3 Bb4 6. Qc2 O-O 7. a3 Be7 8. b4 d6
9. Bf4 Nbd7 10. Nd2 c5 11. Be3 Ng4 12. d5 Nxe3 13. fxe3 e5 14. b5 Nf6 15. h3 Nh5
16. Nf3 Bh4+ 17. Nxh4 Qxh4+ 18. Kd2 Ng3 19. Rh2 Qxc4 20. e4 Qd4+ 21. Qd3 Qxd3+
22. exd3 f5 23. Be2 f4 24. Bf3 Bc8 25. Ne2 Nxe2 26. Kxe2 a6 27. Bg4 axb5 28.
Bxc8 Rfxc8 29. Kf3 Ra5 30. Rhh1 Rca8 31. Rab1 Rxa3 32. Rxb5 Rb8 33. Rd1 Ra5 34.
Rdb1 Rxb5 35. Rxb5 Kf7 36. h4 Kf6 37. g4 g5 38. h5 h6 39. Rb2 Ke7 40. Kf2 Kd7
41. Ke1 Kc7 42. Kd2 Ra8 43. Kc3 Ra1 44. Kc4 Ra5 45. Rb3 b5+ 46. Rxb5 Rxb5 47.
Kxb5 f3 48. d4 cxd4 49. Kc4 f2 50. Kb5 f1=Q+ 51. Kb4 Qf4 {White resigns} 0-1

[Event "Team 45 45 League T38"]
[Site "Internet Chess Club"]
[Date "2008.08.24"]
[Round "5"]
[White "tourettes"]
[Black "Luckydawg"]
[Result "1-0"]
[WhiteElo "1734"]
[BlackElo "1734"]
[Opening "King's pawn opening"]
[ECO "B07"]
[Time "08:31:18"]
[TimeControl "2700+45"]

1. e4 d6 2. Nc3 Nf6 3. g3 g6 4. Bg2 Bg7 5. Nge2 O-O 6. O-O c5 7. d3 Nbd7 8. h3
Rb8 9. Be3 b6 10. Qd2 Bb7 11. Bh6 e6 12. Bxg7 Kxg7 13. f4 h5 14. Nd1 Rh8 15. Ne3
Qe7 16. f5 Rbg8 17. Rf2 Kf8 18. Raf1 Ke8 19. Nc3 Kd8 20. e5 Bxg2 21. exf6 Nxf6
22. Kxg2 gxf5 23. Kh2 h4 24. g4 d5 25. Nxf5 exf5 26. Rxf5 Nxg4+ 27. hxg4 Rxg4
28. Rxd5+ Kc8 29. Qe2 Qc7+ 30. Qe5 Rhg8 31. Qxc7+ Kxc7 32. Rxf7+ Kc6 33. Rf2 a6
34. Rh5 R8g6 35. Ne4 {Black forfeits on time} 1-0

[Event "Team 45 45 League T38"]
[Site "Internet Chess Club"]
[Date "2008.08.23"]
[Round "5"]
[White "bmw2002"]
[Black "polsigns"]
[Result "0-1"]
[WhiteElo "1561"]
[BlackElo "1645"]
[Opening "English opening"]
[ECO "A20"]
[Time "07:12:32"]
[TimeControl "2700+45"]

1. c4 e5 2. g3 Nf6 3. Bg2 Nc6 4. Nf3 d5 5. cxd5 Nxd5 6. O-O Be7 7. Nc3 Be6 8. d3
O-O 9. a3 Nxc3 10. bxc3 f5 11. Nd2 Qe8 12. Bb2 Rd8 13. Nb3 e4 14. Qc2 Qf7 15.
Nd2 Bg5 16. f4 exf3 17. Nxf3 Bh6 18. c4 Be3+ 19. Kh1 Qg6 20. Ne5 Nxe5 21. Bxe5
c6 22. Rab1 Bc8 23. Bf4 Bc5 24. Qb3 Rfe8 25. Bf3 Qf6 26. e4 g5 27. e5 Qg6 28.
Bc1 Rxe5 29. Bb2 Re3 30. Qc2 g4 31. Qd2 gxf3 32. Rbe1 Rexd3 33. Qf4 Qg4 34. Qc7
f2 35. Re5 Qf3# {White checkmated} 0-1

[Event "Team 45 45 League T38"]
[Site "Internet Chess Club"]
[Date "2008.08.23"]
[Round "5"]
[White "Fogbound"]
[Black "MathWorker"]
[Result "1-0"]
[WhiteElo "1345"]
[BlackElo "1566"]
[Opening "Dutch"]
[ECO "A80"]
[Time "08:00:17"]
[TimeControl "2700+45"]

1. d4 f5 2. Bf4 Nf6 3. Nf3 g6 4. e3 Bg7 5. Bc4 d6 6. Ng5 d5 7. Bb5+ c6 8. Ba4 h6
9. Nf3 O-O 10. Ne5 Qe8 11. h3 Nbd7 12. Nc3 Nxe5 13. dxe5 Nd7 14. Qd2 b5 15. Bb3
Nxe5 16. Nxd5 Nc4 17. Nc7 Qd7 18. Qxd7 Bxd7 19. Nxa8 Rxa8 20. Rd1 Rd8 21. Bc7
{Black resigns} 1-0

[Event "Team 45 45 League T38"]
[Site "Internet Chess Club"]
[Date "2008.08.25"]
[Round "5"]
[White "Zyme"]
[Black "toadwarble"]
[Result "1-0"]
[WhiteElo "1442"]
[BlackElo "1225"]
[Opening "QGD: Orthodox defense, Pillsbury attack"]
[ECO "D63"]
[Time "15:00:16"]
[TimeControl "2700+45"]

1. d4 d5 2. c4 e6 3. Nc3 Nf6 4. Bg5 Be7 5. Nf3 O-O 6. e3 Nbd7 7. Rc1 b6 8. cxd5
exd5 9. Bd3 c5 10. O-O Re8 11. Qc2 Qc7 12. Bb5 h6 13. Bxf6 Bxf6 14. Nxd5 Qd6 15.
Nxf6+ Qxf6 16. dxc5 bxc5 17. Qc3 Re6 18. Qxf6 Rxf6 19. Rfd1 Rb8 20. Bxd7 Bxd7
21. Rxd7 Rxb2 22. Rd2 Rbb6 23. Rdc2 {Black resigns} 1-0

[Event "Team 45 45 League T38"]
[Site "Internet Chess Club"]
[Date "2008.08.25"]
[Round "5"]
[White "jacknor"]
[Black "jjmolina"]
[Result "1/2-1/2"]
[WhiteElo "1620"]
[BlackElo "1728"]
[Opening "Scotch gambit: Dubois-Réti defense"]
[ECO "C55"]
[Time "13:01:05"]
[TimeControl "2700+45"]

1. e4 e5 2. Nf3 Nc6 3. d4 exd4 4. Bc4 Nf6 5. e5 d5 6. Bb5 Ne4 7. Nxd4 Bd7 8.
Bxc6 bxc6 9. O-O Bc5 10. f3 Ng5 11. f4 Ne4 12. Be3 O-O 13. Nd2 Bb6 14. Nxe4 dxe4
15. Qd2 c5 16. Ne2 Bb5 17. Qxd8 Rfxd8 18. Nc3 Bxf1 19. Rxf1 c4 20. Bxb6 cxb6 21.
Nxe4 Rd4 22. Re1 b5 23. c3 Rd3 24. Re2 a6 25. Kf2 Kf8 26. g4 Rd1 27. Kg2 Rad8
28. Nd6 R1xd6 29. exd6 Rxd6 30. Kf2 f6 31. Kg2 g6 32. Kg3 Kf7 33. Kh4 Rd5 34.
Kg3 Rd3+ 35. Kg2 Rd6 36. Kf3 Kf8 37. Re3 {Game drawn by mutual agreement}
1/2-1/2

[Event "Team 45 45 League T38"]
[Site "Internet Chess Club"]
[Date "2008.08.23"]
[Round "5"]
[White "isolani"]
[Black "badmove"]
[Result "1-0"]
[WhiteElo "1465"]
[BlackElo "1550"]
[Opening "QGD Slav: Tolush-Geller gambit"]
[ECO "D15"]
[Time "17:02:03"]
[TimeControl "2700+45"]

1. Nf3 Nf6 2. d4 d5 3. c4 c6 4. Nc3 dxc4 5. e4 b5 6. e5 Nd5 7. a4 e6 8. axb5
Nxc3 9. bxc3 cxb5 10. Ng5 Bb7 11. Qg4 Bd5 12. Qf4 f6 13. exf6 Qxf6 14. Qc7 Nc6
15. Ra6 e5 16. Rxc6 Bxc6 17. dxe5 Qf5 18. Qxc6+ Ke7 19. Qxa8 Qxe5+ 20. Qe4
{Black resigns} 1-0

[Event "Team 45 45 League T38"]
[Site "Internet Chess Club"]
[Date "2008.08.24"]
[Round "5"]
[White "alaskauk"]
[Black "lmadueno"]
[Result "0-1"]
[WhiteElo "1507"]
[BlackElo "1550"]
[Opening "Philidor's defense"]
[ECO "C41"]
[Time "11:01:38"]
[TimeControl "2700+45"]

1. e4 e5 2. Nf3 d6 3. Nc3 c6 4. d4 Nd7 5. Be3 Be7 6. Qd2 Ngf6 7. dxe5 dxe5 8.
Bc4 O-O 9. O-O-O b5 10. Bb3 a5 11. a4 b4 12. Ne2 Nxe4 13. Qe1 Qc7 14. Ng3 Ndc5
15. Bxc5 Nxc5 16. h4 Bg4 17. Qe3 Nxb3+ 18. cxb3 c5 19. Rd2 f5 20. Qe2 Rfd8 21.
Qc4+ Kh8 22. Ng5 Bxg5 23. hxg5 Rxd2 24. Kxd2 Qd8+ 25. Kc2 Qd4 26. Qxd4 cxd4 27.
f3 f4 28. fxg4 Rc8+ 29. Kd3 fxg3 30. Rh3 Kg8 31. Rxg3 Kf7 32. Rf3+ Kg6 33. Rf5
Re8 34. g3 Re7 35. Ke4 Rf7 36. Rxe5 d3 37. Kxd3 Rf3+ 38. Kc4 Rxg3 39. Rxa5 Rxg4+
40. Kd3 h5 41. Re5 h4 42. Re3 Rf4 43. a5 Rf5 44. Re6+ Kxg5 45. a6 h3 46. Re8 Ra5
47. Ra8 Kg4 48. Ra7 g5 49. Rb7 h2 50. Rxb4+ Kg3 51. Ra4 Rxa4 52. bxa4 h1=Q
{White resigns} 0-1

[Event "Team 45 45 League T38"]
[Site "Internet Chess Club"]
[Date "2008.08.24"]
[Round "5"]
[White "jazzyrick"]
[Black "Tjet"]
[Result "1/2-1/2"]
[WhiteElo "1499"]
[BlackElo "1584"]
[Opening "Scandinavian (center counter) defense"]
[ECO "B01"]
[Time "15:01:21"]
[TimeControl "2700+45"]

1. e4 d5 2. exd5 Qxd5 3. Nc3 Qa5 4. d4 c6 5. Bc4 Nf6 6. h3 Bf5 7. Nf3 e6 8. O-O
Nbd7 9. Bg5 Be7 10. Re1 Qd8 11. a4 O-O 12. Nh4 Bg6 13. Nxg6 hxg6 14. Ne4 Nxe4
15. Bxe7 Qxe7 16. Rxe4 Nf6 17. Re3 Nd5 18. Rb3 b6 19. Qf3 Qf6 20. Qxf6 gxf6 21.
Ba6 Rab8 22. Be2 f5 23. Bf3 Rfd8 24. Rd1 Kg7 {Game drawn by mutual agreement}
1/2-1/2

[Event "Team 45 45 League T38"]
[Site "Internet Chess Club"]
[Date "2008.08.23"]
[Round "5"]
[White "BarryNL"]
[Black "Conjurer"]
[Result "1-0"]
[WhiteElo "1520"]
[BlackElo "1283"]
[Opening "Sicilian"]
[ECO "B54"]
[Time "13:07:47"]
[TimeControl "2700+45"]

1. e4 c5 2. Nf3 d6 3. d4 cxd4 4. Nxd4 Nc6 5. Be3 Nf6 6. Bd3 a6 7. O-O g6 8. c3
Ng4 9. Bg5 h6 10. Bd2 Bg7 11. Nxc6 bxc6 12. Na3 O-O 13. Qc1 g5 14. Be2 d5 15.
Bxg4 Bxg4 16. exd5 Qxd5 17. h4 Bf6 18. hxg5 Bxg5 19. Bxg5 hxg5 20. Re1 Rfe8 21.
Nc2 Bh5 22. Ne3 Qd7 23. b3 f6 24. Nc4 Rab8 25. Qb2 Kf7 26. a4 Rh8 27. f3 Bxf3
28. gxf3 Qh3 29. Qg2 Rh4 30. Qxh3 Rxh3 31. Kg2 Rbh8 32. Rh1 Rxh1 33. Rxh1 Rb8
34. b4 Rd8 35. Kf2 Rd3 36. Rc1 Kg6 37. Na5 Rd6 38. c4 f5 39. Rc2 Kf6 40. b5 cxb5
41. axb5 axb5 42. cxb5 Rb6 43. Rc6+ Rxc6 44. Nxc6 Ke6 45. b6 Kd7 46. b7 Kxc6 47.
b8=Q {Black resigns} 1-0

[Event "Team 45 45 League T38"]
[Site "Internet Chess Club"]
[Date "2008.08.26"]
[Round "5"]
[White "Just-Jim"]
[Black "forsyth"]
[Result "0-1"]
[WhiteElo "1361"]
[BlackElo "1402"]
[Opening "Queen's pawn game, Darooha variation "]
[ECO "D02"]
[Time "19:00:11"]
[TimeControl "2700+45"]

1. Nf3 Nf6 2. d4 d5 3. h3 Nc6 4. Nc3 g6 5. Bf4 a6 6. e3 Bg7 7. Ne5 Nxe5 8. Bxe5
O-O 9. Qf3 c6 10. Bd3 Qb6 11. Rb1 Be6 12. O-O Qd8 13. Na4 Nh5 14. a3 Bxe5 15.
dxe5 Qa5 16. Nc3 Rac8 17. g4 Ng7 18. Ne2 Qc7 19. Qg3 c5 20. c3 Bd7 21. f4 e6 22.
Kh2 Bb5 23. Bxb5 axb5 24. Ng1 Ra8 25. Nf3 h6 26. Rg1 Qe7 27. h4 h5 28. gxh5 Nxh5
29. Qg5 Qxg5 30. Nxg5 b6 31. Rg4 Ra4 32. Rbg1 Kg7 33. Nxe6+ fxe6 34. Rxg6+ Kh7
35. Rxe6 Nxf4 36. Rf1 Nxe6 {White resigns} 0-1

[Event "Team 45 45 League T38"]
[Site "Internet Chess Club"]
[Date "2008.08.21"]
[Round "5"]
[White "reverendjim"]
[Black "Traho"]
[Result "1/2-1/2"]
[WhiteElo "1184"]
[BlackElo "1298"]
[Opening "Caro-Kann: Panov-Botvinnik attack"]
[ECO "B13"]
[Time "21:30:59"]
[TimeControl "2700+45"]

1. e4 c6 2. d4 d5 3. exd5 cxd5 4. c4 e6 5. Nc3 Bb4 6. Nf3 Nf6 7. cxd5 Nxd5 8.
Qc2 Qc7 9. Bd2 O-O 10. Bd3 Nf6 11. O-O Bxc3 12. Bxc3 b6 13. h3 Ba6 14. Bxa6 Nxa6
15. Qd3 Qb7 16. a4 Ne4 17. Rfe1 Nxc3 18. bxc3 Rac8 19. Rab1 Nb8 20. Ng5 g6 21.
Ne4 Qc7 22. Rbc1 Nd7 23. Qf3 Qd8 24. c4 Qe7 25. Re3 f5 26. Nd2 Qf6 27. Nb3 Rfe8
28. Qb7 Qe7 29. Nd2 Nf6 30. Qxe7 Rxe7 31. f4 Rcc7 32. Rce1 Kf7 33. Kf2 Rcd7 34.
Nf3 Ne4+ 35. Kg1 h6 36. Ne5+ Kf6 37. Nxd7+ Rxd7 38. Rd3 Rc7 39. Rc1 Rd7 40. d5
exd5 41. cxd5 Nc5 42. Rdd1 Nxa4 43. Rc6+ Kf7 44. d6 Nc5 45. Rc7 Ke8 46. Re1+ Kd8
47. Rxd7+ Kxd7 48. Re7+ Kxd6 49. Rxa7 Nd7 50. Ra1 Nc5 51. Kf2 b5 52. Ra8 Ne4+
53. Ke3 Kc5 54. Rg8 b4 55. Kd3 b3 56. Rb8 Nf2+ 57. Kc3 g5 58. fxg5 hxg5 59. Kxb3
f4 60. Rg8 f3 61. Rxg5+ Kd4 62. gxf3 Nxh3 63. Rg4+ Ke3 {Game drawn by mutual
agreement} 1/2-1/2

[Event "Team 45 45 League T38"]
[Site "Internet Chess Club"]
[Date "2008.08.25"]
[Round "5"]
[White "albacore"]
[Black "ErycC"]
[Result "0-1"]
[WhiteElo "1377"]
[BlackElo "1534"]
[Opening "Queen's bishop game"]
[ECO "D02"]
[Time "21:08:41"]
[TimeControl "2700+45"]

1. d4 d5 2. Nf3 Nf6 3. Bf4 c6 4. e3 Qb6 5. b3 e6 6. Nbd2 Bb4 7. Bd3 c5 8. O-O
O-O 9. Bg5 Nbd7 10. Ne5 cxd4 11. Nxd7 Nxd7 12. Nf3 dxe3 13. Bxe3 Bc5 14. Bxh7+
Kxh7 15. Ng5+ Kg8 16. Bxc5 Qxc5 17. Qh5 Nf6 18. Qh4 Qxc2 19. Rac1 Qxa2 20. Rc3
e5 21. Rf3 Qc2 22. Rg3 Bf5 23. Nf3 Nd7 24. Rg5 Rfe8 25. Rh5 f6 26. Rh8+ Kf7 27.
Qh5+ Bg6 28. Ng5+ fxg5 29. Qf3+ Nf6 30. Rh3 Qf5 31. Qc3 Qc8 32. Qf3 d4 33. b4 g4
34. Qb3+ Qe6 {White resigns} 0-1

[Event "Team 45 45 League T38"]
[Site "Internet Chess Club"]
[Date "2008.08.21"]
[Round "5"]
[White "EyeAm"]
[Black "Glassywoman"]
[Result "1-0"]
[WhiteElo "1465"]
[BlackElo "1423"]
[Opening "Philidor's defense"]
[ECO "C41"]
[Time "20:00:12"]
[TimeControl "2700+45"]

1. e4 e5 2. Nf3 d6 3. d4 Bg4 4. dxe5 Bxf3 5. Qxf3 dxe5 6. Bc4 Qf6 7. Qh3 Nd7 8.
Nc3 Bb4 9. O-O Bxc3 10. Qxc3 Ne7 11. a4 O-O 12. Be3 a5 13. Rad1 Nb6 14. Bxb6
Qxb6 15. Rd7 Nc6 16. Qf3 Nd4 17. Bxf7+ Kh8 18. Qh5 Qf6 19. Rxc7 g6 20. Bxg6 Qxg6
21. Qxe5+ Kg8 22. Qxd4 Rad8 23. Qc4+ Kh8 24. Rxb7 Rd2 25. Qc3+ {Black resigns}
1-0

[Event "Team 45 45 League T38"]
[Site "Internet Chess Club"]
[Date "2008.08.25"]
[Round "5"]
[White "ticopatzer"]
[Black "wekabird"]
[Result "0-1"]
[WhiteElo "1433"]
[BlackElo "1242"]
[Opening "Caro-Kann: advance variation"]
[ECO "B12"]
[Time "21:00:18"]
[TimeControl "2700+45"]

1. e4 c6 2. d4 d5 3. e5 Bf5 4. Nf3 e6 5. Be2 h6 6. O-O Ne7 7. c3 Ng6 8. Nbd2 Nf4
9. Re1 Nxe2+ 10. Qxe2 Be7 11. Nf1 O-O 12. Ng3 Bg6 13. Nd2 b5 14. f4 Bh4 15. Ndf1
Nd7 16. Be3 a6 17. Bf2 Rc8 18. Ne3 c5 19. Qg4 cxd4 20. cxd4 Bxg3 21. Qxg3 Nb6
22. b3 Rc3 23. Rac1 Qc8 24. Rxc3 Qxc3 25. Ng4 Qxg3 26. hxg3 Bf5 27. Ne3 Be4 28.
Rc1 Rc8 29. Rxc8+ Nxc8 30. Be1 Ne7 31. Bb4 Nc6 32. Bc5 b4 33. g4 Bb1 34. a4 bxa3
35. Bxa3 Nxd4 36. b4 Ne2+ 37. Kf2 Nxf4 38. Kg3 Nd3 39. Kf3 Nxe5+ 40. Kf4 f6 41.
Bb2 Nd3+ {White resigns} 0-1

[Event "Team 45 45 League T38"]
[Site "Internet Chess Club"]
[Date "2008.08.23"]
[Round "5"]
[White "WilmaP"]
[Black "JustinZ"]
[Result "0-1"]
[WhiteElo "1192"]
[BlackElo "1268"]
[Opening "Scandinavian (center counter) defense"]
[ECO "B01"]
[Time "12:58:26"]
[TimeControl "2700+45"]

1. e4 d5 2. exd5 Qxd5 3. Nc3 Qa5 4. d4 c6 5. Nf3 Nf6 6. Bd3 e6 7. Bd2 Bb4 8. a3
Bxc3 9. Bxc3 Qc7 10. h3 O-O 11. d5 Nxd5 12. Be5 Qb6 13. b3 Nd7 14. Bd4 c5 15.
Bb2 Re8 16. O-O e5 17. Bc4 Nf4 18. Kh2 Qh6 19. Bc1 Nf6 20. Bxf4 Qxf4+ 21. g3 Qf5
22. Ng1 b6 23. Bb5 Re7 24. Bc6 Bb7 25. Bxb7 Rxb7 26. Qd2 Ne4 27. Qd5 Rab8 28.
Rad1 h6 29. Qc4 Ng5 30. f3 Rd7 31. Kg2 Rbd8 32. Qe2 Rxd1 33. Rxd1 Rxd1 34. Qxd1
e4 35. Qd8+ Kh7 36. Qd1 exf3+ 37. Nxf3 Qxh3+ 38. Kf2 Nxf3 39. Qxf3 Qh2+ 40. Ke3
Qxc2 41. Kf4 Qc1+ 42. Kg4 Qg5+ 43. Kh3 f5 44. Qd3 Qg4+ 45. Kg2 h5 46. Kf2 Qd4+
47. Ke2 Qxd3+ 48. Kxd3 Kg6 49. Ke3 Kg5 50. Kf3 h4 51. gxh4+ Kxh4 52. Kf4 g6 53.
Kf3 g5 54. Kg2 Kg4 55. Kg1 Kg3 56. Kf1 Kh2 57. Kf2 g4 58. Kf1 g3 59. b4 g2+ 60.
Kf2 g1=Q+ 61. Ke2 cxb4 62. axb4 Qg4+ {White resigns} 0-1

[Event "Team 45 45 League T38"]
[Site "Internet Chess Club"]
[Date "2008.08.26"]
[Round "5"]
[White "nursey"]
[Black "viking99"]
[Result "0-1"]
[WhiteElo "1642"]
[BlackElo "1815"]
[Opening "French: Burn variation"]
[ECO "C11"]
[Time "17:45:40"]
[TimeControl "2700+45"]

1. e4 e6 2. d4 d5 3. Nc3 Nf6 4. Bg5 dxe4 5. Nxe4 Be7 6. Nxf6+ Bxf6 7. Bxf6 Qxf6
8. c4 O-O 9. Nf3 c5 10. b3 Rd8 11. d5 exd5 12. cxd5 Qc3+ 13. Nd2 Rxd5 14. Rc1
Qd4 15. Bc4 Re5+ 16. Be2 Bg4 17. f3 Bf5 18. Nc4 Rd5 19. Qxd4 Rxd4 20. Ne3 Bg6
21. Rxc5 Nc6 22. Nf5 Bxf5 23. Rxf5 Re8 24. Rc5 Nb4 25. Rc7 Nd3+ 26. Kf1 Nf4 27.
Bb5 Rb8 28. Kf2 Ne6 29. Rd7 a6 30. Ke3 Rd8 31. Rxd8+ Rxd8 32. Bd3 g6 33. Re1 Nc5
34. Be2 Kg7 35. b4 Na4 36. Bd3 Nc3 37. a3 b5 38. Kd2 Na4 39. Re3 Nb6 40. Kc2 Nd5
41. Re4 Rc8+ 42. Kd2 f5 43. Re6 Nf4 44. Rxa6 Rd8 45. a4 Nxd3 46. Ra7+ Kh6 47.
axb5 Nxb4+ 48. Kc3 Nd5+ 49. Kb3 Rb8 50. Ra5 f4 51. g3 fxg3 52. hxg3 Nc7 53. Kb4
g5 54. Kc5 Nxb5 55. Rxb5 Rf8 56. Rb3 Rd8 57. Rb7 Rd3 58. Rf7 Kg6 59. Kc4 Rd8 60.
Re7 h5 61. Re6+ Kg7 62. Re5 Kf6 63. f4 gxf4 64. gxf4 Rh8 {White resigns} 0-1

[Event "Team 45 45 League T38"]
[Site "Internet Chess Club"]
[Date "2008.08.23"]
[Round "5"]
[White "mickeys"]
[Black "vaknight"]
[Result "1-0"]
[WhiteElo "1888"]
[BlackElo "1579"]
[Opening "Dutch"]
[ECO "A80"]
[Time "18:00:25"]
[TimeControl "2700+45"]

1. d4 f5 2. Nf3 Nf6 3. c4 e6 4. Bg5 Be7 5. Bxf6 Bxf6 6. Nc3 d5 7. e3 c6 8. Bd3
O-O 9. Rc1 Be7 10. O-O Nd7 11. Qc2 g6 12. Rfd1 Nf6 13. c5 Qe8 14. b4 a6 15. a4
Bd7 16. Rb1 Bd8 17. h3 Bc7 18. Ne5 Bxe5 19. dxe5 Ne4 20. Ne2 Qe7 21. f3 Ng5 22.
Nd4 Nf7 23. f4 Rfc8 24. Rdc1 Kh8 25. Kh2 Rg8 26. Qf2 Raf8 27. b5 axb5 28. axb5
Nd8 29. bxc6 Bxc6 30. Be2 Rf7 31. Nf3 Rfg7 32. g4 fxg4 33. hxg4 h6 34. Qg3 Rh7
35. Bd3 Rf7 36. g5 Rh7 37. Kg1 hxg5 38. Nxg5 Rh6 39. Rb2 Kg7 40. Rh2 Rgh8 41.
Rxh6 Rxh6 42. Kf2 Nf7 43. Nf3 Qf8 44. Rg1 Nh8 45. Nd4 Qe8 46. f5 Qf7 47. Nxe6+
Kg8 48. Qg5 Rh5 49. Qxh5 {Black resigns} 1-0

[Event "Team 45 45 League T38"]
[Site "Internet Chess Club"]
[Date "2008.08.27"]
[Round "5"]
[White "knight2f3"]
[Black "b-spot"]
[Result "1-0"]
[WhiteElo "1503"]
[BlackElo "1690"]
[Opening "QGD Slav: 3.Nf3"]
[ECO "D11"]
[Time "17:10:50"]
[TimeControl "2700+45"]

1. d4 d5 2. Nf3 c6 3. c4 Nf6 4. Qc2 Bg4 5. Nbd2 e6 6. Ne5 Bf5 7. Qb3 Qb6 8. Ndf3
dxc4 9. Qxc4 Qb4+ 10. Qxb4 Bxb4+ 11. Bd2 Na6 12. a3 Be7 13. e3 Nc7 14. Be2 O-O
15. O-O Ncd5 16. b4 Ne4 17. Rfc1 Nxd2 18. Nxd2 Nb6 19. e4 Bg6 20. Nxg6 hxg6 21.
b5 Bg5 22. Rc2 cxb5 23. Bxb5 a6 24. Bd3 Bxd2 25. Rxd2 Nd7 26. Rc2 b5 27. Rc7 Nf6
28. a4 b4 29. a5 Rfd8 30. Rc4 Rab8 31. Rb1 Rb5 32. Rbxb4 Rxa5 33. Ra4 Rxa4 34.
Rxa4 a5 35. Kf1 Ra8 36. Ke2 Kf8 37. h3 Ke7 38. g4 g5 39. Ke3 Rh8 40. Rxa5 Rxh3+
41. f3 Nxg4+ 42. Kd2 Nh6 43. Rxg5 Kf6 44. f4 g6 45. d5 exd5 46. exd5 Rf3 47. d6
Rxf4 48. Rd5 {Black resigns} 1-0

[Event "Team 45 45 League T38"]
[Site "Internet Chess Club"]
[Date "2008.08.26"]
[Round "5"]
[White "cityprosecutor"]
[Black "NXS"]
[Result "1-0"]
[WhiteElo "1733"]
[BlackElo "1414"]
[Opening "French: King's Indian attack"]
[ECO "C00"]
[Time "20:09:45"]
[TimeControl "2700+45"]

1. e4 e6 2. d3 d5 3. Nd2 Nf6 4. g3 Bc5 5. e5 Nfd7 6. Ngf3 c6 7. d4 Be7 8. Bg2 c5
9. c3 Nc6 10. O-O cxd4 11. cxd4 O-O 12. Re1 a5 13. Nf1 b5 14. a3 Qb6 15. Ne3 f6
16. Ng4 f5 17. Ne3 f4 18. gxf4 Rxf4 19. Nxd5 Rxd4 20. Nxd4 exd5 21. Bxd5+ Kh8
22. Nxc6 Bc5 23. Be3 Bb7 24. Bxc5 Nxc5 25. Ne7 Rd8 26. Qf3 Bxd5 27. Nxd5 Qc6 28.
Rad1 Ne6 29. Qc3 Qe8 30. Qg3 Qc6 31. Ne7 Rxd1 32. Rxd1 Qc2 33. Qd3 Qc7 34. Qd7
Qb6 35. Qe8+ Nf8 36. Qxf8# {Black checkmated} 1-0

[Event "Team 45 45 League T38"]
[Site "Internet Chess Club"]
[Date "2008.08.23"]
[Round "5"]
[White "fledermaus"]
[Black "Sleete"]
[Result "1/2-1/2"]
[WhiteElo "1985"]
[BlackElo "2164"]
[Opening "QGD: Tarrasch defense"]
[ECO "D32"]
[Time "17:05:54"]
[TimeControl "2700+45"]

1. d4 e6 2. c4 d5 3. Nc3 c5 4. cxd5 exd5 5. Nf3 Nc6 6. Bg5 Be7 7. Bxe7 Ngxe7 8.
e3 cxd4 9. Nxd4 O-O 10. Be2 Qb6 11. Qd2 Nxd4 12. exd4 Bf5 13. O-O Rfe8 14. Bb5
Nc6 15. Rad1 Rad8 16. Ba4 h6 17. Bb3 Bg6 18. h3 Re6 19. Nxd5 Qa5 20. Qxa5 Nxa5
21. Nf4 Rf6 22. Nxg6 Nxb3 23. axb3 Rxg6 24. Rfe1 Rgd6 25. Re7 b6 26. Rc1 Rxd4
27. Rcc7 Rf4 28. Rxa7 Rd1+ 29. Kh2 Rxf2 30. Re8+ Kh7 31. Re3 Rdd2 32. Rg3 Rxb2
33. Rb7 Rf6 34. Rd7 g5 35. Rd5 Re6 36. h4 gxh4 37. Rf3 Ree2 38. Rxf7+ Kg6 39.
Rf3 Rxg2+ 40. Kh3 Rg3+ 41. Rxg3+ hxg3 42. Rb5 g2 43. Kh2 h5 44. Rxb6+ Kf5 45.
Rb8 h4 46. Rf8+ Kg4 47. Rg8+ Kf3 48. Rf8+ Ke4 49. Re8+ Kf4 50. Rf8+ Ke5 51. Re8+
Kf6 52. Rf8+ Kg7 53. Rf4 Kg6 54. Rxh4 Rxb3 {Game drawn by mutual agreement}
1/2-1/2